 Dungeon Crawl Stone Soup version 0.22.1-2-g9c5b331383 (webtiles) character file.

141 Knicklaso the Magician (level 5, 0/40 HPs)
             Began as a Demonspawn Wizard on Nov 20, 2018.
             Was an Initiate of Yredelemnul.
             Slain by a bullfrog (8 damage)
             ... on level 3 of the Dungeon.
             The game lasted 00:11:14 (3324 turns).

Knicklaso the Magician (Demonspawn Wizard)          Turns: 3324, Time: 00:11:15

Health: 0/40       AC:  2    Str:  7    XL:     5   Next: 3%
Magic:  1/10       EV: 12    Int: 20    God:    Yredelemnul [......]
Gold:   139        SH:  0    Dex: 12    Spells: 5/11 levels left

rFire    . . .     SeeInvis .   e - +0 hunting sling
rCold    . . .     Gourm    .   (no shield)
rNeg     . . .     Faith    .   a - +0 robe
rPois    .         Spirit   .   b - +0 hat
rElec    .         Reflect  .   (no cloak)
rCorr    .         Harm     .   (no gloves)
MR       .....                  (no boots)
Stlth    ++........             (no amulet)
HPRegen  0.13/turn              (no ring)
MPRegen  0.12/turn              (no ring)

@: very slightly contaminated
A: claws 2, powered by pain 1
a: Renounce Religion


You were on level 3 of the Dungeon.
You worshipped Yredelemnul.
Yredelemnul was noncommittal.
You were not hungry.

You visited 1 branch of the dungeon, and saw 3 of its levels.

You collected 139 gold pieces.

Inventory:

Hand Weapons
 e - a +0 hunting sling (weapon)
Missiles
 f - 101 stones (quivered)
 k - 10 sling bullets
Armour
 a - a +0 robe (worn)
 b - a +0 hat (worn)
Jewellery
 p - a +4 amulet of reflection {unknown}
Wands
 m - a wand of iceblast (9)
Scrolls
 h - 2 scrolls of identify {unknown}
 i - a scroll of enchant armour {unknown}
 j - 2 scrolls of teleportation {unknown}
 n - a scroll of remove curse {unknown}
 o - a scroll of fear {unknown}
Potions
 c - a potion of berserk rage {unknown}
 g - 2 potions of curing
 l - a potion of heal wounds {unknown}
Comestibles
 d - 6 rations


   Skills:
 * Level 2.9 Fighting
 - Level 1.7 Dodging
 - Level 1.7 Stealth
 + Level 3.5 Spellcasting
 - Level 2.1 Conjurations
   Level 1.0 Summonings
 - Level 0.8 Translocations
 * Level 2.0 Poison Magic


You had 5 spell levels left.
You knew the following spells:

 Your Spells              Type           Power        Failure   Level  Hunger
a - Magic Dart            Conj           ##..         5%          1    None
b - Mephitic Cloud        Conj/Pois/Air  #.......     22%         3    ###....
c - Blink                 Tloc           N/A          14%         2    ##.....

Your spell library contained the following spells:

 Spells                   Type           Power        Failure   Level  Hunger
 Call Imp                 Summ           #.......     14%         2    ##.....
 Slow                     Hex            #.......     21%         2    ##.....
 Conjure Flame            Conj/Fire      #.......     26%         3    ###....


Dungeon Overview and Level Annotations

Branches:
Dungeon (3/15)

Altars:
Yredelemnul


Innate Abilities, Weirdness & Mutations

You have very sharp fingernails.
You sometimes gain a little power by taking damage.


Message History

Aim: a bullfrog (heavily wounded)
The magic dart hits the bullfrog.
The bullfrog is severely wounded.
The bullfrog hits you.
* * * LOW HITPOINT WARNING * * *
The bullfrog misses you.
Okay, then.
Evoke which item? (* to show all) (? for menu, Esc to quit)
Aiming: Iceblast
Press: ? - help, Shift-Dir - straight line, f/p - bullfrog
Aim: a bullfrog (severely wounded)
Okay, then.
The bullfrog hits you!
* * * LOW HITPOINT WARNING * * *
Casting: Magic Dart (safe; 5% risk of failure)
Confirm with . or Enter, or press ? or * to list all spells.
You don't have enough magic to cast that spell.
It was a potion of curing.
You feel better. The bullfrog hits you!
You die...
Your body rises from the dead as a mindless zombie.

...#.##### ### ##........
.. # ##.#.....# ##.# .#
#[..####.# #...# .#
.........###...###
###.###.#
#...###..#.......###.......
##.## .........F....# ...#
#.......###.### ##.#
.......@F...#
#.#########...#######
#.........(..#
##############


You could see a bullfrog.

Vanquished Creatures
  Jessica (D:3)
  5 adders
  4 worms
  A dart slug (D:1)
  3 leopard geckos
  3 giant cockroaches
  4 goblins
  5 hobgoblins
  8 jackals (D:1)
  A ball python (D:2)
  3 bats
  7 frilled lizards
  6 kobolds
  9 rats
60 creatures vanquished.

Notes
Turn   | Place    | Note
-------+----------+-------------------------------------------
     0 | D:1      | Knicklaso the Demonspawn Wizard began the quest for the
                  | Orb.
     0 | D:1      | Reached XP level 1. HP: 13/13 MP: 4/4
   269 | D:1      | Reached skill level 1 in Fighting
   269 | D:1      | Gained mutation: You have sharp fingernails. [demonic
                  | ancestry]
   269 | D:1      | Reached XP level 2. HP: 21/21 MP: 1/6
  1011 | D:1      | Reached XP level 3. HP: 26/26 MP: 4/7
  1337 | D:2      | Learned a level 3 spell: Mephitic Cloud
  1340 | D:2      | Learned a level 2 spell: Blink
  2022 | D:2      | Found a basalt altar of Yredelemnul.
  2057 | D:2      | Became a worshipper of Yredelemnul the Dark
  2234 | D:2      | Reached skill level 1 in Poison Magic
  2234 | D:2      | Gained mutation: You sometimes gain a little power by
                  | taking damage. [demonic ancestry]
  2234 | D:2      | Reached XP level 4. HP: 33/33 MP: 0/9
  3247 | D:3      | Noticed Jessica
  3255 | D:3      | Noticed a bullfrog
  3279 | D:3      | Killed Jessica
  3279 | D:3      | Gained mutation: You have very sharp fingernails. [demonic
                  | ancestry]
  3279 | D:3      | Reached XP level 5. HP: 28/40 MP: 4/10
  3323 | D:3      | HP: 2/40 [bullfrog (8)]
  3324 | D:3      | Slain by a bullfrog

Skill      XL: |  1  2  3  4 |
---------------+-------------+-----
Fighting       | 1 2 |  2.9
Conjurations   | 2 |  2.1
Poison Magic   | 1 2 |  2.0
Dodging        | |  1.7
Stealth        | |  1.7
Spellcasting   | |  3.5
Summonings     | |  1.0
Translocations | |  0.8

Action                   |  1- 3 |  4- 6 || total
-------------------------+-------+-------++-------
 Fire: Hunting sling     |    63 |    33 ||    96
 Cast: Magic Dart        |    96 |    53 ||   149
       Mephitic Cloud    |     2 |     3 ||     5
       Blink             |       |     1 ||     1
  Use: Potion            |       |     1 ||     1
  Eat: Chunk             |     4 |       ||     4
       Ration            |       |     1 ||     1
Armor: Robe              |    18 |     2 ||    20
Dodge: Dodged            |    72 |    21 ||    93
